AoeStats
← kabotajoe

Arena

509857452Analyzed
1v1 RM · 3d ago on Sep 28, 2026· 48m 47s· 2 players
Game mode
Random Map
Map size
Tiny (2 player)
Population
200
Speed
Normal
Resources
Standard
Victory
Conquest
Starting age
Dark Age
Ending age
Imperial Age
RankedLock teamsTeams togetherTeam positionsShared explorationLock speedFull tech treeHidden civsTurbo modeCheats
Victory
Defeat
🇩🇪 Vikings · Germany
970
+15
🇨🇳 Spanish · China
940
-15
Doodo
7:56 Loom
9:42 Feudal Age
14:20 Castle Age
12:20 Double-Bit Axe
13:11 Horse Collar
15:29 Wheelbarrow
15:16 Bow Saw
16:59 Pikeman
26:46 Stone Mining
26:47 Gold Mining
31:16 Imperial Age
30:05 Scale Barding Armor
31:03 Forging
34:06 Bloodlines
34:38 Stone Shaft Mining
33:50 Town Watch
35:08 Husbandry
37:26 Fletching
37:58 Chain Barding Armor
39:13 Murder Holes
40:12 Hand Cart
39:57 Town Patrol
41:40 Plate Barding Armor
41:55 Ballistics
41:17 Cavalier
kabotajoe
11:14 Feudal Age
13:12 Loom
15:50 Castle Age
14:09 Double-Bit Axe
14:59 Horse Collar
22:14 Heavy Plow
22:37 Gold Mining
25:25 Fletching
26:12 Crossbowman
29:36 Squires
29:22 Arson
29:54 Stone Mining
34:11 Imperial Age
32:40 Scale Mail Armor
34:22 Bodkin Arrow
34:42 Capped Ram
34:51 Arbalester
35:58 Siege Ram
38:04 Conscription
39:09 Chain Mail Armor
38:56 Padded Archer Armor
38:18 Pikeman
41:37 Plate Mail Armor
44:49 Elite Skirmisher
48:00 Bracer
48:16 Leather Archer Armor
48:12 Forging
Connection lost

Rejoining the realm…

Still unreachable

The connection could not be restored.

Session expired

The server has moved on; the page needs a fresh start.